 Dungeon Crawl Stone Soup version 0.32-a0-656-g3542139ebd (webtiles) character file.

Game seed: 15255133518936839094

4169 backslashecho the Cleaver (level 10, -3/82 (88) HPs)
             Began as a Mountain Dwarf Fighter on Mar 9, 2024.
             Was a Follower of Makhleb.
             Slain by a wight
             ... wielding a +5 halberd
              (14 damage)
             ... on level 7 of the Dungeon.
             The game lasted 00:11:13 (7617 turns).

backslashecho the Cleaver (Mountain Dwarf Fighter)  Turns: 7617, Time: 00:11:14

HP:   -3/82 (88)    AC: 12    Str: 29    XL:     10   Next: 7%
MP:   15/15         EV:  8    Int:  9    God:    Makhleb [*.....]
Gold: 500           SH: 11    Dex: 15    Spells: 9/9 levels left

rFire   . . .        a - +0 war axe
rCold   . . .        D - +0 kite shield
rNeg    . . .        w - +0 chain mail
rPois   .            (no helmet)
rElec   .            o - +0 cloak
rCorr   .            t - +0 pair of gloves
SInv    .            r - +0 pair of boots
Will    +....        (no amulet) Stlth
                     m - +6 ring of dexterity
HPRegen 0.33/turn    z - +6 ring of strength
MPRegen 0.14/turn

%: no passive effects
@: studying Dodging, drained
A: runic magic, artefact enchanting
a: Renounce Religion


You were on level 7 of the Dungeon.
You worshipped Makhleb.
Makhleb was aware of your devotion.
You visited 2 branches of the dungeon, and saw 9 of its levels.

You collected 500 gold pieces.

Inventory:

Hand Weapons
 a - a +0 war axe (weapon)
 x - the +4 hammer of Youthful Indiscretion {heavy, rElec Will+ Dex-5}
   (You found it on level 3 of the Dungeon)

   Dex-5:     It affects your dexterity (-5).
   rElec:     It insulates you from electricity.
   Will+:     It increases your willpower.
Missiles
 f - 15 poisoned darts (quivered)
 v - 2 curare-tipped darts
Armour
 o - a +0 cloak (worn)
 r - a +0 pair of boots (worn)
 t - a +0 pair of gloves (worn)
 w - a +0 chain mail (worn)
 D - a +0 kite shield (worn)
Jewellery
 m - a +6 ring of dexterity (left hand)
 z - a +6 ring of strength (right hand)
Wands
 b - a wand of paralysis (9)
Scrolls
 e - a scroll of immolation {unknown}
 g - 2 scrolls of amnesia {unknown}
 h - 2 scrolls of noise {unknown}
 j - a scroll of revelation {unknown}
 k - 3 scrolls of blinking
 l - 3 scrolls of teleportation {unknown}
 p - a scroll of vulnerability {unknown}
 s - a scroll of poison
 u - 2 scrolls of fog
 y - a scroll of enchant armour {unknown}
 A - 6 scrolls of identify
 C - a scroll of fear {unknown}
Potions
 c - a potion of lignification {unknown}
 d - a potion of might
 i - 2 potions of brilliance
 n - a potion of heal wounds
 q - 2 potions of curing


   Skills:
 + Level 8.1 Fighting
 * Level 11.6 Axes
 - Level 3.2 Armour
 + Level 8.1 Shields
 + Level 7.4 Invocations


You had 9 spell levels left.
You didn't know any spells.
Your spell library contained the following spells:

 Spells                   Type           Power      Damage    Failure   Level
 Magic Dart               Conj           0%         1d3       69%         1
 Slow                     Hex            0%         N/A       69%         1
 Blink                    Tloc           0%         N/A       83%         2
 Lesser Beckoning         Tloc           0%         N/A       83%         2
 Momentum Strike          Conj/Tloc      0%         3d8       83%         2
 Searing Ray              Conj           0%         2d4       83%         2
 Confusing Touch          Hex            0%         N/A       96%         3
 Dazzling Flash           Conj/Hex       0%         N/A       96%         3
 Mephitic Cloud           Conj/Alch/Air  0%         N/A       96%         3
 Sigil of Binding         Hex            0%         N/A       96%         3
 Stone Arrow              Conj/Erth      0%         3d7       96%         3
 Tukima's Dance           Hex            0%         N/A       96%         3
 Vampiric Draining        Necr           0%         2d6       96%         3
 Animate Armour           Summ/Erth      0%         N/A       100%        4
 Fulminant Prism          Conj/Alch      0%         3d5       100%        4
 Passage of Golubria      Tloc           0%         N/A       100%        4
 Curse of Agony           Necr           0%         N/A       100%        5
 Silence                  Hex/Air        0%         N/A       100%        5
 Yara's Violent Unravell  Hex/Alch       0%         3d3       100%        5
 Lehudib's Crystal Spear  Conj/Erth      0%         10d2      100%        8


Dungeon Overview and Level Annotations

Branches:
Dungeon (8/15)             Temple (1/1) D:4
   Lair: D:8-11

Altars:
Ashenzari
Dithmenos
Fedhas
Gozag
Hepliaklqana
Kikubaaqudgha
Makhleb
Qazlal
Ru
Sif Muna
Trog
Uskayaw
Vehumet
Wu Jian
Xom
Zin
The Shining One

Annotations:
D:5 1 runed translucent door, Shayle's ghost, novice CoAl


Innate Abilities, Weirdness & Mutations

Your spellcasting is much less encumbered by armour.
You can use scrolls of enchantment on lesser artefacts.


Message History

The yak gores you but does no damage.
You hit the yak.
The yak is almost dead.
The yak gores you but does no damage.
You hit the yak but do no damage.
The yak is almost dead.
You block the yak's attack.
You hit the yak.
The yak is almost dead.
The yak gores you.
You take 3 damage, and have 34/81 hp.
You hit the yak but do no damage.
The yak is almost dead.
You block the yak's attack.
You hit the yak but do no damage.
The yak is almost dead.
The yak closely misses you.
You slash the yak!
You kill the yak!
Makhleb accepts your kill.
Your Fighting skill increases to level 8!
Your Shields skill increases to level 8!
You have reached level 10!
You regained 3 hp, and now have 38/88 hp.
MP restored: 15 You hit the yak.
The yak is lightly wounded.
The yak closely misses you.
You barely miss the yak.
The yak is lightly wounded.
The yak gores you.
You take 5 damage, and have 33/88 hp.
You are too injured to fight recklessly!
You are too injured to fight recklessly!
You are too injured to fight recklessly!
You slash the yak!
The yak is moderately wounded.
The yak gores you but does no damage.
You slash the yak!
The yak is heavily wounded.
The yak gores you but does no damage.
You completely miss the yak.
The yak is heavily wounded.
The yak gores you but does no damage.
You barely miss the yak.
The yak is heavily wounded.
The yak gores you.
You take 3 damage, and have 31/88 hp.
You slash the yak!
The yak is almost dead.
The yak gores you.
You hit the yak.
The yak is almost dead.
The yak gores you.
* * * LOW HITPOINT WARNING * * *
You take 6 damage, and have 25/88 hp.
You slash the yak!
You kill the yak!
Makhleb accepts your kill.
You slice the yak!!
The yak is heavily wounded.
You block the yak's attack.
You hit the yak.
The yak is heavily wounded.
You block the yak's attack.
You slice the yak!!
You kill the yak!
Makhleb accepts your kill.
Items here: ††††.
There is a stone staircase leading up here.
You start resting.
A wight is nearby!
You regained 30 hp, and now have 58/88 hp.
The wight hits you with a +5 halberd.
You take 2 damage, and have 56/88 hp.
You hit the wight but do no damage. You block the wight's attack.
You barely miss the wight. You block the wight's attack.
You hit the wight but do no damage.
The wight hits you from afar with a +5 halberd.
There is a stone staircase leading up here.
You take 3 damage, and have 54/88 hp.
The wight attacks as it pursues you!
The wight hits you from afar with a +5 halberd!
You feel drained.
You take 14 damage, and have 40/85 hp.
You block the wight's attack.
There is a stone staircase leading up here.
The wight hits you with a +5 halberd!
You climb upwards.
There is a stone staircase leading down here.
You take 11 damage, and have 29/85 hp.
You closely miss the wight. The wight hits you but does no damage.
You closely miss the wight. The wight barely misses you.
You closely miss the wight. The wight hits you with a +5 halberd!
* * * LOW HITPOINT WARNING * * *
You feel drained.
* * * LOW HITPOINT WARNING * * *
You take 20 damage, and have 10/82 hp.
MASSIVE DAMAGE!!
You hit the wight but do no damage. The wight hits you with a +5 halberd!
You die...

#............#..#....
#...............#....
#...............#....
#....................
#####...#.#..........
#.......'..........
#.##.#..#..........
####.##....#..........
#....@.............##.
#...z......#......#...
#.....................
#......##....######.##
#......##.#..# #.#
####.#.##.#..######.#
######[#......##.##
#÷#..#[#.##...
#.#..=.#.#####


You could see a wight.

Vanquished Creatures
  11 yaks
  A steam dragon (D:8)
  Duvessa (D:7)
  4 ice beasts
  2 black bears
  2 ogres (D:5)
  3 centaurs
  A phantom (D:6)
  2 bullfrogs (D:7)
  Blork the orc (D:4)
  4 scorpions
  Dowan (D:7)
  3 killer bees
  2 jellies
  2 orc priests (D:7)
  2 bombardier beetles
  5 hounds
  Crazy Yiuf (D:3)
  Jessica (D:3)
  A sleepcap (D:5)
  3 iguanas
  3 orc wizards
  3 gnolls
  4 adders
  A shadow imp (D:7)
  An ufetubus (D:7)
  A dart slug (D:1)
  A ribbon worm (D:2)
  8 orcs
  14 bats
  11 endoplasms
  7 giant cockroaches
  5 goblins
  8 hobgoblins
  4 jackals (D:3)
  5 quokkas
  6 ball pythons
  4 frilled lizards
  5 kobolds
  5 rats
149 creatures vanquished.

Notes
Turn   | Place    | Note
-------+----------+-------------------------------------------
     0 | D:1      | backslashecho the Mountain Dwarf Fighter began the quest
                  | for the Orb.
     0 | D:1      | Reached XP level 1. HP: 19/19 MP: 1/1
   148 | D:1      | Reached skill level 3 in Axes
   148 | D:1      | Reached XP level 2. HP: 26/26 MP: 2/2
   892 | D:2      | Reached XP level 3. HP: 33/33 MP: 3/3
  1772 | D:3      | Reached skill level 4 in Axes
  1845 | D:3      | Noticed Jessica
  1868 | D:3      | Killed Jessica
  1869 | D:3      | Reached XP level 4. HP: 13/40 MP: 4/4
  2303 | D:3      | Reached XP level 5. HP: 46/46 MP: 5/5
  2502 | D:3      | Found a runed translucent door.
  2503 | D:3      | Noticed Crazy Yiuf
  2509 | D:3      | Killed Crazy Yiuf
  2510 | D:3      | Reached skill level 5 in Axes
  2512 | D:3      | Identified the +4 hammer of Youthful Indiscretion {heavy,
                  | rElec Will+ Dex-5}
  2912 | D:4      | Reached XP level 6. HP: 50/53 MP: 6/6
  3038 | D:4      | Reached skill level 6 in Axes
  3312 | D:4      | Noticed Blork the orc
  3324 | D:4      | Killed Blork the orc
  3457 | D:4      | Found a staircase to the Ecumenical Temple.
  3463 | Temple   | Entered the Ecumenical Temple
  3489 | Temple   | Became a worshipper of Makhleb the Destroyer
  3841 | D:5      | Entered Level 5 of the Dungeon
  3849 | D:5      | Reached skill level 5 in Fighting
  3849 | D:5      | Reached skill level 5 in Shields
  3849 | D:5      | Reached skill level 1 in Invocations
  3933 | D:5      | Noticed Shayle's ghost (novice CoAl)
  3934 | D:5      | Found a runed translucent door.
  4082 | D:5      | Reached XP level 7. HP: 46/61 MP: 7/7
  4175 | D:5      | Found a glowing silver altar of Zin.
  4270 | D:5      | Reached skill level 7 in Axes
  4307 | D:5      | Found a glowing golden altar of the Shining One.
  5010 | D:6      | Reached XP level 8. HP: 68/70 MP: 10/10
  5057 | D:6      | Reached skill level 8 in Axes
  5292 | D:6      | Reached skill level 9 in Axes
  5296 | D:6      | Reached skill level 5 in Invocations
  5595 | D:6      | Reached XP level 9. HP: 71/78 MP: 11/13
  5637 | D:6      | Found a stormy altar of Qazlal.
  5646 | D:6      | Found a shimmering blue altar of Sif Muna.
  5934 | D:6      | Found an ancient bone altar of Kikubaaqudgha.
  6245 | D:7      | Reached * piety under Makhleb
  6246 | D:7      | Reached skill level 10 in Axes
  6638 | D:7      | Noticed Duvessa
  6639 | D:7      | Noticed Dowan
  6649 | D:7      | Killed Duvessa
  6662 | D:7      | Killed Dowan
  7267 | D:8      | Reached skill level 11 in Axes
  7500 | D:8      | Reached XP level 10. HP: 38/88 MP: 15/15
  7617 | D:7      | Slain by a wight

Illustrated notes

Levels and vault maps discovered:
D:1:      tekkud_arrival_beachfront_property, layout_loops_ring, moated_statue,
          nicolae_the_louvre
D:2:      layout_loops_corners
D:3:      layout_loops_ring, uniq_crazy_yiuf_cottage, uniq_jessica
D:4:      layout_basic, minmay_temple_entry_fiery, uniq_blork_the_orc
D:5:      layout_loops_ring, nicolae_tso_swordbearing_angel, zin_academy,
          ebering_ghost_sewer_d, hex_large
D:6:      layout_layer_cave, mainiacjoe_overflow_alcove_4,
          amethyst_overflow_temple_binary, roderic_batcave
D:7:      layout_basic, minmay_gold_behind_fungi, nrook_mini_vaults,
          minmay_manual_monstrance, uniq_duvessa
D:8:      layout_cave_pools
Temple:   minmay_temple_bridge_abc

Skill      XL: |  1  2  3  4  5  6  7  8  9 |
---------------+----------------------------+-----
Axes           | 3 4 5 6 7 9 11 | 11.6
Fighting       | 4 5 6 8 |  8.1
Shields        | 4 5 6 8 |  8.1
Invocations    | 1 3 5 7 |  7.4
Armour         | |  3.2

Action                     |  1- 3 |  4- 6 |  7- 9 | 10-12 || total
---------------------------+-------+-------+-------+-------++-------
  Melee: War axe           |   132 |    99 |   295 |    19 ||   545
  Throw: Dart              |       |     3 |     9 |       ||    12
    Use: Scroll            |       |     6 |     2 |       ||     8
         Potion            |       |       |     2 |       ||     2
   Stab: Invisible         |       |       |     3 |       ||     3
 Armour: Scale mail        |    91 |    32 |       |       ||   123
         Chain mail        |       |    29 |   228 |    14 ||   271
  Dodge: Dodged            |    53 |    26 |   105 |     2 ||   186
  Block: Buckler           |    23 |    23 |    48 |       ||    94
         Kite shield       |       |       |    76 |     5 ||    81

Table legend: (Time is in decaauts)
 A = Elapsed time spent in this place.
 B = Non-inter-level travel time spent in this place.
 C = Inter-level travel time spent in this place.
 D = Time resting spent in this place.
 E = Time spent auto-exploring this place.
 F = Levels seen in this place.
 G = Mean time per level.
                   A        B        C        D        E       F      G
               +--------+--------+--------+--------+--------+-----+--------+
         Total |   7726 |   7253 |    473 |    174 |   5430 |   9 |  858.4 |
       Dungeon |   7680 |   7227 |    453 |    174 |   5430 |   8 |  960.0 |
        Temple |     45 |     25 |     20 |      0 |      0 |   1 |   45.0 |
               +--------+--------+--------+--------+--------+-----+--------+

Top non-repeatable levels by time:
     D:6: 1497 daAuts
     D:7: 1184 daAuts
     D:3: 1108 daAuts
     D:2: 1006 daAuts
     D:4: 983 daAuts
     D:5: 899 daAuts
     D:1: 795 daAuts
     D:8: 207 daAuts
  Temple: 45 daAuts
